 Dungeon Crawl Stone Soup version 0.20-a0-1127-g1289703 (webtiles) character file.

2015 HankScorpio the Arsonist (level 9, -2/40 HPs)
             Began as a Deep Elf Fire Elementalist on May 19, 2017.
             Was a Follower of Vehumet.
             Slain by an orc warrior
             ... wielding a +0 long sword
              (19 damage)
             ... on level 6 of the Dungeon.
             The game lasted 00:16:49 (6113 turns).

HankScorpio the Arsonist (DEFE)                     Turns: 6113, Time: 00:16:49

Health: -2/40      AC:  7    Str:  5      XL:     9   Next: 2%
Magic:  0/23       EV: 13    Int: 23 (24) God:    Vehumet [*.....]
Gold:   380        SH:  0    Dex: 17      Spells: 9/24 levels left

rFire    . . .     SeeInvis .   a - +1 spear (freeze)
rCold    . . .     Gourm    .   (no shield)
rNeg     . . .     Faith    +   w - +0 robe
rPois    +         Spirit   .   (no helmet)
rElec    .         Reflect  .   (no cloak)
rCorr    .         Harm     .   (no gloves)
MR       .....                  z - +2 pair of boots
Stlth    +++.......             x - amulet of faith
Regen    0.2/turn               q - +2 ring of protection
MPRegen  0.2/turn               (no ring)

@: no status effects
A: thin skeletal structure 1, deterioration 1, frail 1, poison resistance,
MP-powered wands
a: Renounce Religion


You were on level 6 of the Dungeon.
You worshipped Vehumet.
Vehumet was aware of your devotion.
You were not hungry.

You visited 2 branches of the dungeon, and saw 7 of its levels.

You collected 380 gold pieces.

Inventory:

Hand Weapons
 a - a +1 spear of freezing (weapon)
 b - a +0 hunting sling
 h - a +0 dagger
 E - the +6 hand axe of Ujuvaet {venom, rElec rF- rC- rN+++}
   (You found it on level 5 of the Dungeon)

   It poisons the flesh of those it strikes.
   It makes you vulnerable to fire.
   It makes you vulnerable to cold.
   It insulates you from electricity.
   It renders you almost immune to negative energy.
Missiles
 g - 134 stones (quivered)
 n - 36 sling bullets
Armour
 w - a +0 robe (worn)
 y - a +0 buckler
 z - a +2 pair of boots (worn)
Jewellery
 q - a +2 ring of protection (left hand)
 x - an amulet of faith (around neck)
Wands
 r - a wand of lightning (11/15)
Scrolls
 i - 3 scrolls of enchant armour {unknown}
 j - 2 scrolls of teleportation {unknown}
 k - 11 scrolls of identify {unknown}
 l - 3 scrolls of enchant weapon {unknown}
 o - 4 scrolls of recharging {unknown}
 p - 6 scrolls of remove curse {unknown}
 s - 3 scrolls of amnesia {unknown}
 v - a scroll of noise {unknown}
 C - a scroll of fear {unknown}
 D - 3 scrolls of immolation {unknown}
 F - a scroll of fog {unknown}
Potions
 f - a potion of heal wounds
 u - a potion of invisibility {unknown}
 A - a potion of lignification {unknown}
 B - a potion of resistance {unknown}
Books
 e - a book of Flames

   Spells                             Type                      Level
   a - Flame Tongue                   Conjuration/Fire             1
   b - Throw Flame                    Conjuration/Fire             2
   c - Conjure Flame                  Conjuration/Fire             3
   d - Inner Flame                    Hexes/Fire                   3
   e - Sticky Flame                   Conjuration/Fire             4
   f - Fireball                       Conjuration/Fire             5
Comestibles
 d - 3 royal jellies
 m - 3 meat rations
 t - 4 fruits


   Skills:
 - Level 2.4 Dodging
 - Level 2.4 Stealth
 + Level 8.3 Spellcasting
 + Level 6.2 Conjurations
 * Level 9.8 Fire Magic


You had 9 spell levels left.
You knew the following spells:

 Your Spells              Type           Power        Failure   Level  Hunger
a - Flame Tongue          Conj/Fire      #####        1%          1    None
b - Throw Flame           Conj/Fire      #####.       1%          2    None
c - Sticky Flame          Conj/Fire      #####...     2%          4    ##.....
d - Conjure Flame         Conj/Fire      #####...     1%          3    None
e - Fireball              Conj/Fire      #####.....   7%          5    #####..


Dungeon Overview and Level Annotations

Branches:
Dungeon (6/15)             Temple (1/1) D:4

Altars:
Cheibriados
Dithmenos
Elyvilon
Hepliaklqana
Kikubaaqudgha
Sif Muna
Uskayaw
Vehumet
Wu Jian
Xom
Yredelemnul
The Shining One


Innate Abilities, Weirdness & Mutations

You have a somewhat thin skeletal structure. (Dex +2, Stealth)
Your body sometimes deteriorates upon taking damage.
You are frail. (-10% HP)
Your system is resistant to poisons. (rPois)
You expend magic power (3 MP) to strengthen your wands.


Message History

The orc priest invokes the aid of Beogh against you.
Beogh smites you!
Your body deteriorates!
You feel dopey.
Casting: Flame Tongue
Confirm with . or Enter, or press ? or * to list all spells.
You don't have enough magic to cast that spell.
Casting: Flame Tongue
Confirm with . or Enter, or press ? or * to list all spells.
Okay, then.
Casting: Flame Tongue
Confirm with . or Enter, or press ? or * to list all spells.
Aiming: Sticky Flame
Press: ? - help, Shift-Dir - straight line, f/p - orc warrior
Aim: an orc warrior, wielding a long sword and wearing a chain mail (moderately wounded)
The sticky flame hits the orc warrior.
The orc warrior is moderately wounded.
The orc warrior is covered in liquid flames!
The orc warrior burns!
The orc warrior hits you with a long sword!!
You die...

#...)...# #............##
#...o...## #...###.###).#
#.......+ #....# #.# #).#
#....#.## ##...###+###.!#
##..##.# #.#.# #_+....#
#$#...# #.#.###'###..# #...#.#
### #.#.# #.# #..#
#####.#####.#####.#.###.###.##
#......o.o@.............#
##############.########## #.#
#.# ###


You could see an orc warrior (burning) and an orc priest.

Vanquished Creatures
  The ghost of jamesoftheyear the Grappler, a novice TrFi of Wu Jian (D:6)
  Sigmund (D:5)
  An orc warrior (D:6)
  2 sky beasts (D:5)
  The ghost of chickenpie the Skirmisher, an amateur DsAK of Lugonu (D:3)
  2 ogres
  A centaur (D:5)
  A bullfrog (D:6)
  2 howler monkeys (D:4)
  A bullfrog zombie (D:5)
  A hound (D:4)
  2 gnoll shamans
  A centaur skeleton (D:4)
  5 orc wizards
  Terence (D:3)
  4 worker ants
  A killer bee zombie (D:5)
  6 gnolls
  17 adders
  2 river rats (D:3)
  A shadow imp (D:5)
  2 oozes (D:1)
  An adder zombie (D:6)
  3 worms
  5 leopard geckos
  6 orcs
  10 bats
  3 giant cockroaches
  12 goblins
  4 hobgoblins
  5 jackals
  12 kobolds
  A quokka (D:3)
  A ball python (D:1)
  2 frilled lizards
  A giant cockroach zombie (D:5)
  2 gnoll zombies (D:6)
  A quokka zombie (D:6)
  5 rats
130 creatures vanquished.

Notes
Turn   | Place    | Note
-------+----------+-------------------------------------------
     0 | D:1      | HankScorpio the Deep Elf Fire Elementalist began the quest for the Orb.
     0 | D:1      | Reached XP level 1. HP: 10/10 MP: 6/6
   294 | D:1      | Reached XP level 2. HP: 15/15 MP: 8/8
   542 | D:1      | Reached XP level 3. HP: 19/19 MP: 8/10
   857 | D:2      | Reached skill level 4 in Fire Magic
  1206 | D:2      | Found a faded altar of an unknown god.
  1400 | D:2      | Reached XP level 4. HP: 24/24 MP: 8/12
  1649 | D:3      | Noticed chickenpie's ghost (amateur DsAK)
  1937 | D:3      | Reached skill level 5 in Fire Magic
  1937 | D:3      | Reached XP level 5. HP: 14/28 MP: 6/13
  1969 | D:3      | HP: 1/28 [poisoned by a worker ant]
  2664 | D:3      | Killed chickenpie's ghost
  2664 | D:3      | Reached skill level 5 in Spellcasting
  2664 | D:3      | Reached XP level 6. HP: 30/32 MP: 7/15
  2680 | D:3      | Reached skill level 6 in Fire Magic
  2907 | D:3      | Noticed Terence
  2928 | D:3      | Killed Terence
  2970 | D:3      | Learned a level 3 spell: Conjure Flame
  2975 | D:3      | Learned a level 4 spell: Sticky Flame
  2978 | D:3      | Learned a level 2 spell: Throw Flame
  3031 | D:3      | Found a shimmering altar of Xom.
  3179 | D:4      | Found a staircase to the Ecumenical Temple.
  3211 | Temple   | Entered the Ecumenical Temple
  3324 | Temple   | Became a worshipper of Vehumet
  3376 | D:4      | Reached XP level 7. HP: 36/36 MP: 3/17
  3395 | D:4      | HP: 1/36 [gnoll/spear of freezing (1)]
  3889 | D:4      | Reached skill level 7 in Fire Magic
  4082 | D:5      | Entered Level 5 of the Dungeon
  4082 | D:5      | Noticed Sigmund
  4578 | D:5      | Got a warped hand axe
  4580 | D:5      | Identified the +6 hand axe of Ujuvaet {venom, rElec rF- rC- rN+++} (You found it on level 5 of the Dungeon)
  4980 | D:5      | Gained mutation: You have a somewhat thin skeletal structure. (Dex +2, Stealth) [mutagenic meat]
  4981 | D:5      | Gained mutation: Your system is resistant to poisons. (rPois) [mutagenic meat]
  4982 | D:5      | Gained mutation: You are frail. (-10% HP) [mutagenic meat]
  4983 | D:5      | Gained mutation: Your body sometimes deteriorates upon taking damage. [mutagenic meat]
  4984 | D:5      | Gained mutation: You expend magic power (3 MP) to strengthen your wands. [mutagenic meat]
  5082 | D:5      | Reached skill level 8 in Fire Magic
  5164 | D:5      | Killed Sigmund
  5164 | D:5      | Reached skill level 5 in Conjurations
  5164 | D:5      | Reached XP level 8. HP: 36/36 MP: 17/20
  5196 | D:5      | Reached * piety under Vehumet
  5196 | D:5      | Offered knowledge of Freeze by Vehumet.
  5205 | D:5      | Learned a level 5 spell: Fireball
  5356 | D:6      | Reached skill level 9 in Fire Magic
  5683 | D:6      | Noticed jamesoftheyear's ghost (novice TrFi)
  5744 | D:6      | Killed jamesoftheyear's ghost
  5978 | D:6      | Found a basalt altar of Yredelemnul.
  6026 | D:6      | Reached XP level 9. HP: 40/40 MP: 16/23
  6051 | D:6      | Found a snail-covered altar of Cheibriados.
  6113 | D:6      | Slain by an orc warrior

Vault maps used:
D:1:      mrwooster_arrival_statue
D:2:      cheibrodos_old_hovel, chequers_ecumenical_altar_island, first_bread,
          serial_bayou_pond_c, eino_tiny_chamber, minmay_hexomino_u4
D:3:      xom_teletrap_fun, lightli_sewer_entry_pipes, grunt_decor_cap,
          uniq_terence
D:4:      minmay_temple_entry_glass
D:5:      abandoned_shop, uniq_sigmund
D:6:      minitemple, lemuel_doored_altar, lemuel_zombie_altar_yredelemnul,
          cheibrodos_worm_habitat
Temple:   jpeg_temple_island

Skill      XL: |  1  2  3  4  5  6  7  8 |
---------------+-------------------------+-----
Spellcasting   | 4 5 7 8 |  8.3
Fire Magic     | 4 5 6 8 9 |  9.8
Conjurations   | 2 3 5 6 |  6.2
Dodging        | |  2.4
Stealth        | |  2.4

Action                   |  1- 3 |  4- 6 |  7- 9 || total
-------------------------+-------+-------+-------++-------
Melee: Spear             |       |       |    31 ||    31
 Fire: Hunting sling     |    69 |    14 |    36 ||   119
 Cast: Flame Tongue      |    52 |    86 |   127 ||   265
       Throw Flame       |       |     5 |    30 ||    35
       Sticky Flame      |       |     2 |     3 ||     5
       Conjure Flame     |       |       |     2 ||     2
  Use: Potion            |       |     5 |     1 ||     6
  Eat: Chunk             |     1 |     5 |     8 ||    14
       Bread ration      |       |       |     2 ||     2
Armor: Robe              |     6 |    23 |    24 ||    53
Dodge: Dodged            |    22 |    54 |    91 ||   167
